 Dungeon Crawl Stone Soup version 0.21.1-1-g345015f (webtiles) character file.

13 stankywizzleteets the Grave Robber (level 2, -3/21 HPs)
             Began as a Human Wanderer on Apr 30, 2018.
             Slain by a hobgoblin
             ... wielding a +0 club
              (4 damage)
             ... on level 1 of the Dungeon.
             The game lasted 00:03:28 (443 turns).

stankywizzleteets the Grave Robber (Human Wanderer)  Turns: 443, Time: 00:03:29

Health: -3/21      AC:  2    Str: 12    XL:     2   Next: 50%
Magic:  1/3        EV: 12    Int: 12    God:
Gold:   18         SH:  0    Dex: 12    Spells: 2/3 levels left

rFire    . . .     SeeInvis .   e - +0 club
rCold    . . .     Gourm    .   (no shield)
rNeg     . . .     Faith    .   d - +0 robe
rPois    .         Spirit   .   (no helmet)
rElec    .         Reflect  .   (no cloak)
rCorr    .         Harm     .   (no gloves)
MR       .....                  (no boots)
Stlth    ++........             (no amulet)
HPRegen  0.07/turn              (no ring)
MPRegen  0.08/turn              (no ring)

@: no status effects
A: no striking features
a: no special abilities


You were on level 1 of the Dungeon.
You were not hungry.

You visited 1 branch of the dungeon, and saw 1 of its levels.

You collected 18 gold pieces.

Inventory:

Hand Weapons
 e - a +0 club (weapon)
 f - a +0 dagger
Armour
 d - a +0 robe (worn)
Scrolls
 l - a scroll of magic mapping {unknown}
 m - a scroll of identify {unknown}
Potions
 b - 2 potions of curing
 h - 2 potions of resistance {unknown}
 i - a potion of heal wounds {unknown}
 j - a potion of degeneration {unknown}
 k - a potion of brilliance {unknown}
 n - a potion of haste {unknown}
 o - a potion of invisibility {unknown}
Books
 a - a book of Minor Magic

   Spells                             Type                      Level
   a - Magic Dart                     Conjuration                  1
   b - Blink                          Translocation                2
   c - Call Imp                       Summoning                    2
   d - Slow                           Hexes                        2
   e - Conjure Flame                  Conjuration/Fire             3
   f - Mephitic Cloud                 Conjuration/Poison/Air       3
 c - Rofotz's Handbook of Stolen Souls

   Spells                             Type                      Level
   a - Pain                           Necromancy                   1
   b - Regeneration                   Charms/Necromancy            3
Comestibles
 g - a ration


   Skills:
 + Level 1.1 Fighting
 + Level 1.0 Short Blades
 + Level 0.1 Maces & Flails
 + Level 1.1 Dodging
 + Level 2.8 Stealth
 + Level 1.1 Spellcasting
   Level 4.0 Necromancy


You had 2 spell levels left.
You knew the following spells:

 Your Spells              Type           Power        Failure   Level  Hunger
a - Magic Dart            Conj           #...         30%         1    ##.....


Dungeon Overview and Level Annotations

Branches:
Dungeon (1/15)

Altars:


Message History

The jackal bites you but does no damage.
The rat bites you.
* * * LOW HITPOINT WARNING * * *
You hit the rat.
You kill the rat!
The jackal bites you.
* * * LOW HITPOINT WARNING * * *
The ball python barely misses you. The ball python constricts you.
The jackal barely misses you. The jackal bites you.
* * * LOW HITPOINT WARNING * * *
The jackal bites you but does no damage.
The ball python barely misses you. The ball python constricts you.
The jackal barely misses you.
The jackal bites you but does no damage.
You escape the ball python's grasp.
The jackal barely misses you. x2
You see here a rat corpse.
The jackal closely misses you.
You hit the hobgoblin but do no damage. The jackal misses you.
The hobgoblin hits you with a club.
You die...

#######
#.....#
#.....#
#.....#
#..hh@#####
#..Shg......#
#...........#
#...........#
###.........#
#.........#.#
#.........#.#
#...........
#.........###


You could see 3 jackals, a hobgoblin and a ball python.

Vanquished Creatures
  A dart slug (D:1)
  A giant cockroach (D:1)
  A goblin (D:1)
  A hobgoblin (D:1)
  2 bats (D:1)
  2 kobolds (D:1)
  4 rats (D:1)
12 creatures vanquished.

Notes
Turn   | Place    | Note
-------+----------+-------------------------------------------
     0 | D:1      | stankywizzleteets the Human Wanderer began the quest for the Orb.
     0 | D:1      | stankywizzleteets set off with: a book of Minor Magic, a potion of curing, Rofotz's Handbook of Stolen Souls, a +0 robe, a +0 club, a +0 dagger, a ration
     0 | D:1      | Reached XP level 1. HP: 15/15 MP: 2/2
     3 | D:1      | Learned a level 1 spell: Magic Dart
   288 | D:1      | Reached XP level 2. HP: 16/21 MP: 1/3
   440 | D:1      | HP: 1/21 [jackal (2)]
   443 | D:1      | Slain by a hobgoblin

Action                   || total
-------------------------++-------
Melee: Club              ||    33
 Cast: Magic Dart        ||    13
Armor: Robe              ||    27
Dodge: Dodged            ||    76
